 Dungeon Crawl Stone Soup version 0.30-a0-219-gf2db51d15e (webtiles) character file.

Game seed: 12526096545402971822

0 blackman the Sneak (level 1, -1/18 HPs)
             Began as a Demigod Delver on Oct 8, 2022.
             Slain by an orc warrior
             ... wielding a +0 trident
              (12 damage)
             ... on level 5 of the Dungeon.
             The game lasted 00:00:11 (32 turns).

blackman the Sneak (Demigod Delver)                   Turns: 32, Time: 00:00:11

Health: -1/18      AC:  3    Str: 13    XL:     1   Next: 0%
Magic:  3/3        EV: 11    Int: 12    God:
Gold:   7          SH:  0    Dex: 15    Spells: 0/0 levels left

rFire   . . .      SeeInvis .    a - +0 falchion
rCold   . . .      Faith    .    (no shield)
rNeg    . . .      Spirit   .    b - +0 leather armour
rPois   .          Reflect  .    (no helmet)
rElec   .          Harm     .    (no cloak)
rCorr   .          Rampage  .    (no gloves)
Will    .....                    (no boots)
Stlth   +++.......               (no amulet)
HPRegen 0.23/turn                (no ring)
MPRegen 0.08/turn                (no ring)

@: no status effects
A: high MP 1, forlorn, divine attributes
a: no special abilities


You were on level 5 of the Dungeon.
You visited 1 branch of the dungeon, and saw 1 of its levels.

You collected 7 gold pieces.

Inventory:

Hand Weapons
 a - a +0 falchion (weapon)
Armour
 b - a +0 leather armour (worn)
Wands
 g - a wand of digging (3)
Scrolls
 c - a scroll of fog
 d - a scroll of magic mapping
 e - a scroll of fear
Potions
 f - a potion of haste


   Skills:
 - Level 2.6 Fighting
 - Level 1.7 Long Blades
 - Level 1.7 Dodging
 - Level 4.5 Stealth
 * Level 0.0 Evocations


You couldn't memorise any spells.
You didn't know any spells.
Your spell library was empty.

Dungeon Overview and Level Annotations

Branches:
Dungeon (5/15)
 Temple: D:4-7


Innate Abilities, Weirdness & Mutations

You have an increased reservoir of magic. (+10% MP)
You shall have no god before yourself.
Your divine heritage dramatically boosts your attributes as you level up.


Message History

You hear the hiss of flowing sand.
There is an entrance to an ossuary on this level.
Hurry and find it before the portal is buried!
Welcome, blackman the Demigod Delver.
Are you destined to find the wondrous Orb of Zot, or to die trying?
Press ? for a list of commands and other information.
Found a stone staircase leading down.
Key pressed, stopping explore.
Found a stone staircase leading up.
Found a robe.
You now have 7 gold pieces.
Key pressed, stopping explore.
An orc comes into view. It is wielding a +0 flail.
An orc is nearby!
An orc is nearby!
Found a mace.
Found a scroll labelled NIOLLU XUGU.
An orc warrior comes into view. It is wielding a +0 trident.
The helpless orc fails to defend itself.
You hit the orc.
The orc is lightly wounded.
The orc hits you with a +0 flail.
The orc warrior hits you from afar with a +0 trident!
You hit the orc.
The orc is moderately wounded.
The orc barely misses you.
The orc warrior hits you but does no damage.
You hit the orc but do no damage.
The orc is moderately wounded.
The orc barely misses you. The orc warrior misses you.
You hit the orc.
The orc is almost dead.
The orc barely misses you. The orc warrior barely misses you.
You hit the orc.
You kill the orc!
The orc warrior hits you from afar with a +0 trident!
Ouch! That really hurt!
You die...

.... .... .. ....
#..# ... .....#..#
.....#
#....#..###.....#.
..................
#....................
.....o)..............
#@.#...........
..)##..#.#........
............##...
.#..##..#.#.##.#
...............#
...............#
.?.........##.#
...........##.#
.#.#####...##.#


You could see an orc warrior.

Vanquished Creatures
  An orc (D:5)
1 creature vanquished.

Notes
Turn   | Place    | Note
-------+----------+-------------------------------------------
     0 | D:5      | blackman the Demigod Delver began the quest for the Orb.
     0 | D:5      | Reached XP level 1. HP: 18/18 MP: 3/3
    26 | D:5      | Noticed an orc warrior
    32 | D:5      | Slain by an orc warrior

Illustrated notes

Levels and vault maps discovered:
D:5:      layout_basic, lightli_ossuary_entry_decrepit_ruins,
          ebering_ghost_rock_garden

Action                   || total
-------------------------++-------
Melee: Falchion          ||     5
 Stab: Sleeping          ||     1
Armor: Leather armour    ||     1
Dodge: Dodged            ||     5

Table legend: (Time is in decaauts)
 A = Elapsed time spent in this place.
 B = Non-inter-level travel time spent in this place.
 C = Inter-level travel time spent in this place.
 D = Time resting spent in this place.
 E = Time spent auto-exploring this place.
 F = Levels seen in this place.
 G = Mean time per level.
                   A        B        C        D        E       F      G
               +--------+--------+--------+--------+--------+-----+--------+
         Total |     32 |     32 |      0 |      0 |     20 |   1 |   32.0 |
       Dungeon |     32 |     32 |      0 |      0 |     20 |   1 |   32.0 |
               +--------+--------+--------+--------+--------+-----+--------+

Top non-repeatable levels by time:
     D:5: 32 daAuts
